 Dungeon Crawl Stone Soup version 0.20.1-1-g8b1a95d (webtiles) character file.

60 vatarom the Gusty (level 3, -2/26 HPs)
             Began as a Demonspawn Air Elementalist on Oct 7, 2017.
             Hit by a stone thrown by a gnoll (4 damage)
             ... on level 2 of the Dungeon.
             The game lasted 00:03:24 (1872 turns).

vatarom the Gusty (Demonspawn Air Elementalist)     Turns: 1872, Time: 00:03:24

Health: -2/26      AC:  2    Str:  9    XL:     3   Next: 82%
Magic:  4/6        EV: 12    Int: 16    God:
Gold:   46         SH:  4    Dex: 13    Spells: 4/7 levels left

rFire    . . .     SeeInvis .   e - +0 spear (freeze)
rCold    . . .     Gourm    .   (no shield)
rNeg     . . .     Faith    .   a - +0 robe
rPois    .         Spirit   .   (no helmet)
rElec    .         Reflect  .   (no cloak)
rCorr    .         Harm     .   (no gloves)
MR       .....                  (no boots)
Stlth    ++........             (no amulet)
Regen    0.1/turn               (no ring)
MPRegen  0.1/turn               (no ring)

@: no status effects
A: large bone plates 1
a: no special abilities


You were on level 2 of the Dungeon.
You were not hungry.

You visited 1 branch of the dungeon, and saw 2 of its levels.

You collected 46 gold pieces.

Inventory:

Hand Weapons
 e - a +0 spear of freezing (weapon)
 j - a +3 vampiric whip
Armour
 a - a +0 robe (worn)
Scrolls
 f - 2 scrolls of identify
 g - a scroll of noise {unknown}
 h - a scroll of remove curse {unknown}
 l - a scroll of fog {unknown}
Books
 b - a book of Air

   Spells                             Type                      Level
   a - Shock                          Conjuration/Air              1
   b - Swiftness                      Charms/Air                   2
   c - Static Discharge               Conjuration/Air              3
   d - Airstrike                      Air                          4
   e - Lightning Bolt                 Conjuration/Air              5
Comestibles
 c - 3 bread rations
 i - 6 fruits
 k - 3 chunks of flesh


   Skills:
 + Level 1.1 Fighting
 - Level 1.7 Dodging
 - Level 1.7 Stealth
 + Level 2.5 Spellcasting
 * Level 2.2 Conjurations
 + Level 3.2 Air Magic


You had 4 spell levels left.
You knew the following spells:

 Your Spells              Type           Power        Failure   Level  Hunger
a - Shock                 Conj/Air       ##..         6%          1    #......
b - Swiftness             Chrm/Air       #.......     16%         2    ##.....


Dungeon Overview and Level Annotations

Branches:
Dungeon (2/15)

Altars:


Innate Abilities, Weirdness & Mutations

You are partially covered in large bone plates. (SH +4)


Message History

Press: ? - help, Shift-Dir - straight line, f/p - gnoll
Aim: a gnoll, wielding a club The zap hits the gnoll.
The gnoll is moderately wounded.
The adder hisses angrily.
The gnoll throws a stone.
The stone hits you.
* * * LOW HITPOINT WARNING * * *
Unknown command.
The gnoll throws a stone.
You block the stone.
You see here a stone.
You see here a jackal corpse.
As you read the scroll labeled MIOLOSCH LOHU, it crumbles to dust.
It is a scroll of identify.
d - a scroll of fear
As you read the scroll of fear, it crumbles to dust.
You assume a fearsome visage.
The adder looks frightened!
The bat looks frightened!
Unknown command.
The gnoll throws a stone.
The stone hits you.
You die...

######..............#.#.#...#
#..........##........#.#.#.#
#.####.###.##.##Sg....Sg...#..
#.# #.# #.##.##(#####.........
#.# #.###.##.##.# ###.....#.
##.####.....##.##†# ..####
.>..........##.##.# .b#
####.#.).......##.# ..#
#.#.###......@.#######..#
#.#.# #..##...†........s#
#.#.# #..##.#......... #.#.#
#......#..##### #.#.#
##.##.##..# #.#.#
#)#####..#### ..... ..
#.....b..# ..# #.######.#
#...# #


You could see a gnoll, an adder (fleeing) and a bat (fleeing).

Vanquished Creatures
  2 gnolls (D:2)
  An ooze (D:1)
  A leopard gecko (D:1)
  2 bats (D:2)
  3 giant cockroaches
  3 goblins (D:1)
  2 hobgoblins (D:1)
  10 jackals
  3 kobolds
  2 ball pythons (D:1)
  A frilled lizard (D:2)
  A rat (D:1)
31 creatures vanquished.

Notes
Turn   | Place    | Note
-------+----------+-------------------------------------------
     0 | D:1      | vatarom the Demonspawn Air Elementalist began the quest for the Orb.
     0 | D:1      | Reached XP level 1. HP: 13/13 MP: 3/3
   230 | D:1      | Gained mutation: You are partially covered in large bone plates. (SH +4) [demonic ancestry]
   230 | D:1      | Reached XP level 2. HP: 3/19 MP: 1/5
   690 | D:1      | Reached skill level 3 in Air Magic
   746 | D:1      | Learned a level 2 spell: Swiftness
  1256 | D:2      | Reached XP level 3. HP: 22/25 MP: 0/6
  1428 | D:2      | Reached skill level 1 in Fighting
  1872 | D:2      | Hit by a stone thrown by a gnoll

Skill      XL: |  1  2  3 |
---------------+----------+-----
Air Magic      | 3 |  3.2
Fighting       | 1 |  1.1
Conjurations   | 2 |  2.2
Dodging        | |  1.7
Stealth        | |  1.7
Spellcasting   | |  2.5

Action                   || total
-------------------------++-------
Melee: Spear             ||    30
 Cast: Shock             ||    47
  Use: Scroll            ||     2
       Potion            ||     1
 Stab: Sleeping          ||     1
  Eat: Fruit             ||     1
       Bread ration      ||     1
       Chunk             ||     1
Armor: Robe              ||     7
Dodge: Dodged            ||    37
Block: Other             ||     7
